 Dungeon Crawl Stone Soup version 0.22.1-1-ga44c0e5 (webtiles) character file.

415 HoaS the Bolt Thrower (level 6, 40/40 HPs)
             Began as a Gargoyle Hunter on Oct 8, 2018.
             Quit the game on level 4 of the Dungeon on Oct 16, 2018.
             The game lasted 00:15:16 (2757 turns).

HoaS the Bolt Thrower (Gargoyle Hunter)             Turns: 2757, Time: 00:15:18

Health: 40/40      AC: 12    Str: 15    XL:     6   Next: 92%
Magic:  6/6        EV:  9    Int: 12    God:
Gold:   128        SH:  0    Dex: 12    Spells: 5/5 levels left

rFire    . . .     SeeInvis .   a - +1 hand crossbow
rCold    . . .     Gourm    .   (no shield)
rNeg     + . .     Faith    .   r - +0 scale mail
rPois    ∞         Spirit   .   (no helmet)
rElec    +         Reflect  .   (no cloak)
rCorr    .         Harm     .   (no gloves)
MR       .....                  t - +0 pair of boots
Stlth    ..........             g - amulet of the acrobat
HPRegen  0.13/turn              (no ring)
MPRegen  0.10/turn              (no ring)

@: no status effects
A: negative energy resistance 1, electricity resistance, unbreathing,
petrification resistance, rot immunity, AC +4
a: no special abilities


You were on level 4 of the Dungeon.
You were hungry.

You visited 1 branch of the dungeon, and saw 4 of its levels.

You collected 128 gold pieces.

Inventory:

Hand Weapons
 a - a +1 hand crossbow (weapon)
Missiles
 d - 27 bolts (quivered)
Armour
 r - a +0 scale mail (worn)
 t - a +0 pair of boots (worn)
Jewellery
 g - an amulet of the acrobat (around neck)
 j - an uncursed ring of magical power {unknown}
 l - an uncursed ring of positive energy {unknown}
Scrolls
 c - a scroll of enchant weapon {unknown}
 h - 2 scrolls of teleportation
 n - 2 scrolls of enchant armour
 s - 2 scrolls of amnesia {unknown}
 u - a scroll of immolation {unknown}
Potions
 e - 2 potions of heal wounds {unknown}
 i - a potion of curing {unknown}
 k - a potion of haste {unknown}
 m - a potion of degeneration {unknown}
 o - a potion of magic {unknown}
 p - a potion of brilliance {unknown}
 q - 2 potions of flight {unknown}
Comestibles
 f - 6 rations


   Skills:
 * Level 5.0 Fighting
 * Level 6.0 Crossbows
 + Level 3.1 Armour
 - Level 1.5 Dodging
 - Level 1.1 Stealth
 - Level 0.1 Unarmed Combat


You had 5 spell levels left.
You didn't know any spells.
Your spell library was empty.

Dungeon Overview and Level Annotations

Branches:
Dungeon (4/15)             Temple (0/1) D:4

Altars:
Gozag
Ru


Innate Abilities, Weirdness & Mutations

You are resistant to torment.
Your stone body is resilient. (AC +4)
You are immune to poison.
You resist negative energy. (rN+)
You are resistant to electric shocks. (rElec)
You can survive without breathing.
You are immune to petrification.
You are immune to rotting.


Message History

You hear the hiss of flowing sand.
There is an entrance to an ossuary on this level.
Hurry and find it before the
There is a stone staircase leading up here.
As you read the scroll of magic mapping, it crumbles to dust.
You feel aware of your surroundings.
You sensed 1 altar, and 1 shop/portal.
Saving game... please wait.
You hear the hiss of flowing sand.
There is an entrance to an ossuary on this level.
Hurry and find it before the Welcome back, HoaS the Gargoyle Hunter.
Press ? for a list of commands and other information.
Are you sure you want to abandon this character and quit the game? (Confirm
Okay, then.
Unknown command.
Unknown command.
Saving game... please wait.
You hear the hiss of flowing sand.
There is an entrance to an ossuary on this level.
Hurry and find it before the Welcome back, HoaS the Gargoyle Hunter.
Press ? for a list of commands and other information.
Are you sure you want to abandon this character and quit the game? (Confirm

,***,* *,* *,*
,,,,,** **,****###*,*
*****,***,,,,,,..#*,*
***
**,*,*,,,,,**#.#*,*
*,,
***,,,,,*,,,***#.#*,*
*,*
,,,*,,,*,,,,,,,...>,*
*,*
***,,,,,***,***#.#***
*,* **,*,** *,* #.#
*,* **,** *,***#@#
*,* *** #......# *,,
######## ***


There were no monsters in sight!

Vanquished Creatures
  Grinder (D:3)
  2 orc priests (D:3)
  An orc wizard (D:3)
  Crazy Yiuf (D:2)
  An adder (D:3)
  An ooze (D:3)
  2 worms (D:3)
  A dart slug (D:2)
  16 orcs (D:3)
  2 ball pythons
  2 giant cockroaches
  6 goblins
  4 hobgoblins
  6 jackals
  A quokka (D:2)
  7 bats
  4 frilled lizards
  7 kobolds
  7 rats
72 creatures vanquished.

Notes
Turn   | Place    | Note
-------+----------+-------------------------------------------
     0 | D:1      | HoaS the Gargoyle Hunter began the quest for the Orb.
     0 | D:1      | Reached XP level 1. HP: 12/12 MP: 1/1
   120 | D:1      | Reached XP level 2. HP: 13/18 MP: 2/2
   326 | D:1      | Reached skill level 1 in Armour
   699 | D:1      | Reached XP level 3. HP: 22/22 MP: 3/3
  1393 | D:2      | Found a runed door.
  1715 | D:2      | Noticed Crazy Yiuf
  1717 | D:2      | Killed Crazy Yiuf
  1717 | D:2      | Reached XP level 4. HP: 28/28 MP: 4/4
  1805 | D:3      | Reached skill level 5 in Crossbows
  1814 | D:3      | Reached XP level 5. HP: 28/33 MP: 5/5
  1830 | D:3      | Noticed Grinder
  1835 | D:3      | Paralysed by Grinder for 7 turns
  1848 | D:3      | Paralysed by Grinder for 4 turns
  1853 | D:3      | Killed Grinder
  1853 | D:3      | Reached XP level 6. HP: 22/39 MP: 6/6
  2021 | D:3      | Found an opulent altar of Gozag.
  2276 | D:3      | Reached skill level 5 in Fighting
  2276 | D:3      | Reached skill level 6 in Crossbows
  2468 | D:3      | Found a sacrificial altar of Ru.
  2757 | D:4      | Quit the game

Skill      XL: |  1  2  3  4  5  6 |
---------------+-------------------+-----
Armour         | 1 2 3 |  3.1
Fighting       | 3 4 5 |  5.0
Crossbows      | 5 6 |  6.0
Dodging        | |  1.5
Stealth        | |  1.1
Unarmed Combat | |  0.1

Action                   |  1- 3 |  4- 6 || total
-------------------------+-------+-------++-------
Melee: Short sword       |    65 |       ||    65
       Unarmed           |    30 |       ||    30
 Fire: Hand crossbow     |    44 |   101 ||   145
  Use: Scroll            |     8 |     1 ||     9
 Stab: Sleeping          |     2 |       ||     2
  Eat: Chunk             |     2 |     3 ||     5
Armor: Leather armour    |    57 |    16 ||    73
       Scale mail        |       |     3 ||     3
Dodge: Dodged            |    83 |    25 ||   108
